 Dungeon Crawl Stone Soup version 0.17-a0-913-g36eb389 (webtiles) character file.

126 Zwobot the Cudgeler (level 4, -12/60 HPs)
             Began as a Centaur Chaos Knight on May 3, 2015.
             Was an Initiate of Makhleb.
             Killed by divine providence
             ... invoked by an orc priest
              (13 damage)
             ... on level 3 of the Dungeon.
             The game lasted 00:07:18 (2736 turns).

Zwobot the Cudgeler (Centaur Chaos Knight)          Turns: 2736, Time: 00:07:19

Health: -12/60     AC: 22    Str: 18    XL:     4   Next: 83%
Magic:  4/4        EV:  1    Int: 11    God:    Makhleb [......]
Gold:   89         SH:  0    Dex:  8    Spells: 0 memorised, 3 levels left

rFire  . . .     SeeInvis .     a - +0 mace (chaos)
rCold  . . .     Clarity  .     (armour currently unavailable)
rNeg   + + +     SustAb   .     (no shield)
rPois  +         Gourm    .     (helmet currently unavailable)
rElec  .         Spirit   .     (cloak currently unavailable)
rCorr  .         Warding  .     (gloves currently unavailable)
rMut   .         NoTele   +     (no barding)
MR     .....                    (no amulet)
Stlth  +.........               (no ring)
                                (no ring)

@: tree-form, not resistant to hostile enchantments, very unstealthy
A: (antennae 0), (hooves 0), breathe flames 1, (deformed body), (speed 0),
screaming 1, strong 1, (tough skin 0)
a: Renounce Religion, Breathe Fire


You were on level 3 of the Dungeon.
You worshipped Makhleb.
Makhleb was noncommittal.
You were not hungry.
You were a tree.
You visited 1 branch of the dungeon, and saw 3 of its levels.

You collected 89 gold pieces.

Inventory:

Hand weapons
 a - a +0 mace of chaos (weapon)
 l - a +0 flail
 s - a +0 hunting sling
Missiles
 d - 93 stones (quivered)
 h - 17 poisoned needles
 j - 16 arrows
 t - 26 sling bullets
Armour
 b - a +2 leather armour
 e - a +0 chain mail (melded)
 r - a +0 cloak (melded)
Magical devices
 f - a wand of slowing (26)
Scrolls
 i - a scroll of teleportation
 n - a scroll of identify
 p - a scroll of remove curse
Comestibles
 c - a bread ration
 o - 3 fruits


   Skills:
 + Level 3.7 Fighting
 * Level 4.2 Maces & Flails
 + Level 2.0 Armour
 - Level 0.6 Dodging


You had 3 spell levels left.
You didn't know any spells.

Dungeon Overview and Level Annotations

Branches:
Dungeon (3/15)

Altars:
Makhleb


Innate Abilities, Weirdness & Mutations

((You have hooves in place of feet.))
((Armour fits poorly on your strangely shaped body.))
((You cover ground very quickly.))
((You have extremely tough skin (AC +3).))
((You have a pair of small antennae on your head.))
You can breathe flames.
You occasionally shout uncontrollably at your foes.
Your muscles are strong. (Str +2)


Message History

The orc priest is severely wounded.
The orc priest becomes somewhat translucent.
The orc priest hits you but does no damage.
You hit the orc priest but do no damage.
The orc priest is severely wounded.
The orc priest hits you but does no damage.
You hit the orc priest but do no damage.
The orc priest is severely wounded.
The orc priest hits you but does no damage. x2
You barely miss the orc priest.
The orc priest is severely wounded.
The orc priest mumbles some strange prayers to Beogh against you.
Something smites you!
* * * LOW HITPOINT WARNING * * *
You closely miss the orc priest.
The orc priest is severely wounded.
The orc priest hits you but does no damage.
The orc priest invokes the aid of Beogh against you.
Something smites you!
You die...

..##.### ..#...## .
#.#....###
...##..........
............#
#.#........# #..
#....?.# #.. #.<÷..#
#.. #♣#(.#.=..%
.####..##o.#.#.# #
#...............#
....#.......>.##
..................
...$$..........##
......<.............
#.....................
#....................


You could see an orc priest.

Vanquished Creatures
  An orc wizard (D:2)
  Terence (D:2)
  4 adders (D:2)
  A giant gecko (D:1)
  An orc (D:2)
  3 giant cockroaches
  6 hobgoblins
  3 jackals (D:2)
  2 ball pythons
  3 bats
  3 giant newts
  4 goblins
  8 kobolds
  2 rats
42 creatures vanquished.

Notes
Turn   | Place    | Note
--------------------------------------------------------------
     0 | D:1      | Zwobot, the Centaur Chaos Knight, began the quest for the Orb.
     0 | D:1      | Reached XP level 1. HP: 19/19 MP: 1/1
   236 | D:1      | Reached XP level 2. HP: 24/26 MP: 2/2
   541 | D:1      | XOM: mild Pois miscast
   854 | D:1      | XOM is BORED!
   854 | D:1      | XOM: medium Divn miscast
   989 | D:2      | XOM: give mutations
   989 | D:2      | Gained mutation: You have an increased reservoir of magic (+10% MP). [Xom's grace]
   989 | D:2      | Gained mutation: You can breathe flames. [Xom's grace]
   989 | D:2      | Gained mutation: You have a pair of small antennae on your head. [Xom's grace]
   989 | D:2      | Gained mutation: Your spells are a little harder to cast, but a little more powerful. [Xom's grace]
   998 | D:2      | XOM: snakes to sticks
   999 | D:2      | XOM: 2-stop teleportation journey
  1164 | D:2      | Noticed Terence
  1185 | D:2      | Killed Terence
  1185 | D:2      | Reached XP level 3. HP: 31/31 MP: 3/3
  1470 | D:2      | Found a burning altar of Makhleb.
  1588 | D:2      | Fell from the grace of Xom
  1588 | D:2      | Became a worshipper of Makhleb the Destroyer
  1613 | D:2      | Reached XP level 4. HP: 38/38 MP: 4/4
  1681 | D:2      | XOM: medium Fire miscast
  1737 | D:2      | XOM: give mutations
  1737 | D:2      | Lost mutation: Your spells are a little harder to cast, but a little more powerful. [Xom's mischief]
  1737 | D:2      | Gained mutation: Your muscles are strong. (Str +2) [Xom's mischief]
  1737 | D:2      | Lost mutation: You have an increased reservoir of magic (+10% MP). [Xom's mischief]
  1737 | D:2      | Gained mutation: You occasionally shout uncontrollably at your foes. [Xom's mischief]
  1952 | D:2      | Reached skill level 4 in Maces & Flails
  2735 | D:3      | HP: 1/60 [orc priest/divine providence (11)]
  2736 | D:3      | Killed from afar by an orc priest

Action                   |  1- 3 |  4- 6 || total
-------------------------+-------+-------++-------
Melee: Mace              |    83 |    52 ||   135
Throw: Stone             |     8 |       ||     8
 Abil: Breathe Fire      |     2 |       ||     2
  Use: Scroll            |     2 |     2 ||     4
       Potion            |       |     3 ||     3
 Stab: Confused          |     1 |       ||     1
       Petrifying        |     1 |       ||     1
       Petrified         |     1 |       ||     1
  Eat: Chunk             |     2 |     2 ||     4
       Royal jelly       |       |     1 ||     1
